 Dungeon Crawl Stone Soup version 0.31.0-11-ge490571c62 (webtiles) character file.

Game seed: 7436856766741148137

28774 qw the Spry (level 13, -6/65 HPs)
             Began as a Spriggan Hunter on Feb 4, 2024.
             Was a High Priest of Okawaru.
             Killed from afar by an ice dragon (47 damage)
             ... with a blast of cold
             ... on level 4 of the Lair of Beasts.
             The game lasted 00:01:37 (12370 turns).

qw the Spry (Spriggan Hunter)                      Turns: 12370, Time: 00:01:38

Health: -6/65      AC: 10    Str:  7    XL:     13   Next: 11%
Magic:  21/21      EV: 39    Int: 10    God:    Okawaru [*****.]
Gold:   667        SH:  0    Dex: 24    Spells: 12/12 levels left

rFire   . . .        l - +4 orcbow
rCold   . . .        (shield currently unavailable)
rNeg    . . .        a - +0 steam dragon scales
rPois   .            (helmet restricted)
rElec   .            e - +2 cloak
rCorr   .            (gloves unavailable)
SInv    +            (boots unavailable)
Will    +++..        (no amulet)
Stlth   ++           g - ring of willpower
HPRegen 0.30/turn    o - +5 ring of evasion
MPRegen 0.17/turn

%: no passive effects
@: very quick
A: very small, no large weapons, unfitting armour, see invisible, speed 3, horns
1, iridescent scales 1
a: Renounce Religion, Heroism, Finesse, Duel


You were on level 4 of the Lair of Beasts.
You worshipped Okawaru.
Okawaru was extremely pleased with you.
You visited 3 branches of the dungeon, and saw 13 of its levels.
You also visited: Sewer.

You collected 667 gold pieces.


Innate Abilities, Weirdness & Mutations

You are very small and have problems with some larger weapons.
You are too small for most types of armour.
You have supernaturally acute eyesight. (SInv)
You cover ground extremely quickly. (Speed+++)
You have a pair of small horns on your head.
You are partially covered in iridescent scales. (AC +2)


   Skills:
 - Level 6.1 Fighting
 - Level 15.0 Ranged Weapons
 - Level 1.5 Armour
 + Level 15.6 Dodging
 - Level 1.5 Stealth
 - Level 10.0 Invocations


You had 12 spell levels left.
You didn't know any spells.
Your spell library was empty.

Inventory:

Hand Weapons
 l - a +4 orcbow (weapon)
Armour
 a - +0 steam dragon scales (worn)
 e - a +2 cloak (worn)
Jewellery
 g - a ring of willpower (left hand)
 o - a +5 ring of evasion (right hand)
 Y - a +6 ring of strength
Wands
 c - a wand of digging (1)
 i - a wand of polymorph (9)
 k - a wand of acid (2)
 m - a wand of paralysis (17)
Scrolls
 b - a scroll of teleportation
 n - 2 scrolls of identify
Potions
 d - 6 potions of curing
 f - 2 potions of enlightenment
 h - 3 potions of might
 j - a potion of cancellation
 p - 2 potions of mutation

Dungeon Overview and Level Annotations

Branches:
Dungeon (8/15)             Temple (1/1) D:4            Lair (4/5) D:8
 Shoals (0/4) Lair:3        Snake (0/4) Lair:3        Sewer (visited)
  Slime: Lair:4-5

Altars:
Ashenzari
Cheibriados
Dithmenos
Elyvilon
Fedhas
Gozag
Hepliaklqana
Kikubaaqudgha
Makhleb
Nemelex Xobeh
Okawaru
Qazlal
Ru
Sif Muna
Uskayaw
Vehumet
Wu Jian
Yredelemnul
Zin
The Shining One

Shops:
D:5 =   D:7 :

Annotations:
D:5 3 runed translucent doors, Prince Ribbit; qw's ghost, novice SpHu
Lair:4 exclusion: oklob plant


Message History

12363 ||| RETREEEEATING.
The ice dragon breathes frost at you. The blast of cold hits you!!
You shoot an arrow. The arrow hits the ice dragon!
The ice dragon is moderately wounded.
You shoot an arrow.
The arrow hits the ice dragon but does no damage.
The ice dragon is moderately wounded.
You shoot an arrow.
The arrow hits the ice dragon but does no damage.
The ice dragon is moderately wounded.
Enter note:
Enter note:
Enter note:
Enter note:
Enter note:
12367 ||| RETREEEEATING.
Enter note:
Enter note:
Enter note:
Enter note:
Enter note:
12368 ||| RETREEEEATING.
Enter note:
Enter note:
Enter note:
Enter note:
Enter note:
12369 ||| RETREEEEATING.
The white imp sputters.
Enter note:
Enter note:
Enter note:
Enter note:
Enter note:
12370 ||| RETREEEEATING.
The ice dragon breathes frost at you. The blast of cold hits you!!!
Ouch! That really hurt!
You die...

.[~5~~.......................
$$~~~~~......................
~~~5~~~......................
~~~~~Y~Y.Y...#.##########P#.#
~~~~~~~5......##
~~~~.~..~YY..##
~~~.!..~5..D..#
.~.~.~~~.....##
..~.~~~~....@# ##7 7
....~~~.}....# ### #7.7777P
##.###.......#####.##7P7.77P7
## #..............77....7..
#.......###.#...........
##.......# ####.77....7..
#........# ##7777..777
##.......# 7.77.7. #.......#


7P77P77 You could see an ice dragon (catching breath), 5 ice beasts and 2 white
imps.

Vanquished Creatures
  2 hydras
  A catoblepas (Lair:1)
  2 boulder beetles
  Erica (D:8)
  3 skysharks
  An oklob plant (Lair:4)
  A salamander (Lair:3)
  2 black mambas
  2 torpor snails
  Maggie (D:8)
  2 rime drakes
  11 cane toads
  A komodo dragon (Lair:4)
  Grinder (D:4)
  8 blink frogs
  2 polar bears (Lair:2)
  11 dream sheep
  Sigmund (D:6)
  49 yaks
  3 wyverns
  Menkaure (D:6)
  A steam dragon (D:8)
  9 water moccasins
  2 sky beasts
  A black bear (Lair:3)
  3 ice beasts
  An ogre (D:5)
  14 wolves
  4 centaurs
  3 kobold brigands
  10 bullfrogs
  2 brain worms (Sewer)
  3 scorpions
  7 wights
  3 electric eels (Lair:2)
  2 howler monkeys
  2 lava snakes (Lair:3)
  3 hounds
  3 jellies
  3 bombardier beetles
  Ijyb (D:5)
  2 iguanas (D:4)
  An orc wizard (D:3)
  11 adders
  8 gnolls
  4 river rats (Sewer)
  A shadow imp (D:7)
  3 white imps
  A dart slug (D:3)
  A ribbon worm (D:4)
  14 orcs
  6 ball pythons
  4 bats
  4 endoplasms
  7 giant cockroaches
  3 goblins
  6 hobgoblins
  8 jackals
  3 quokkas
  9 frilled lizards
  16 kobolds
  12 rats
  A butterfly (Lair:1)
308 creatures vanquished.

Notes
Turn   | Place    | Note
-------+----------+-------------------------------------------
     0 | D:1      | qw the Spriggan Hunter began the quest for the Orb.
     0 | D:1      | Reached XP level 1. HP: 10/10 MP: 2/2
     0 | D:1      | 0 ||| qw: Version: 0.3-a-160-g6735b56
     0 | D:1      | 0 ||| qw: Game counter: 4744
     0 | D:1      | 0 ||| qw: Melee chars always use a shield: true
     0 | D:1      | 0 ||| qw: God list: Okawaru
     0 | D:1      | 0 ||| qw: Allow faded altars: false
     0 | D:1      | 0 ||| qw: Do Orc after clearing Dungeon:15 true
     0 | D:1      | 0 ||| qw: Do second Lair branch before Depths: true
     0 | D:1      | 0 ||| qw: Lair rune preference: random
     0 | D:1      | 0 ||| qw: Goals: Normal
     0 | D:1      | 0 ||| PLANNING D:1-11
    47 | D:1      | Reached skill level 3 in Dodging
   142 | D:1      | Reached XP level 2. HP: 14/14 MP: 3/3
   306 | D:1      | Reached XP level 3. HP: 18/18 MP: 4/4
   614 | D:1      | 614 ||| READING scroll labelled YGIMPEN SUCW.
   614 | D:1      | 614 ||| IDENTIFYING metallic red potion
   615 | D:1      | 615 ||| READING scroll labelled SACHO NUOCW.
   620 | D:1      | 620 ||| READING 3 scrolls labelled SOANOMY ISABB.
   721 | D:1      | 721 ||| DROPPING scroll of butterflies.
   722 | D:1      | 722 ||| DROPPING potion of lignification.
   723 | D:1      | 723 ||| DROPPING 2 scrolls of silence.
   761 | D:2      | HP: 4/18 [poisoned by an adder]
   787 | D:2      | 787 ||| FLEEEEING.
   788 | D:2      | 788 ||| FLEEEEING.
   798 | D:2      | 798 ||| FLEEEEING.
   805 | D:2      | 805 ||| STAIRDANCE
   826 | D:1      | 826 ||| DRINKING 2 cyan potions.
   915 | D:2      | Found a faded altar of an unknown god.
   936 | D:2      | Reached XP level 4. HP: 22/22 MP: 5/5
  1277 | D:2      | 1277 ||| DROPPING ring of wizardry.
  1278 | D:2      | 1278 ||| READING scroll of identify.
  1278 | D:2      | 1278 ||| IDENTIFYING emerald potion
  1279 | D:2      | 1279 ||| DRINKING 3 smoky black potions.
  1282 | D:3      | 1282 ||| PLANNING SEWER
  1282 | D:3      | 1282 ||| STAIRDANCE
  1286 | D:3      | 1286 ||| STAIRDANCE
  1747 | D:3      | Found a glowing drain.
  1748 | D:3      | 1748 ||| UPGRADING to +6 ring of strength.
  1749 | D:3      | 1749 ||| READING scroll of identify.
  1749 | D:3      | 1749 ||| IDENTIFYING clear potion
  1750 | D:3      | 1750 ||| DROPPING potion of ambrosia.
  1759 | Sewer    | Entered a sewer
  1791 | Sewer    | Reached XP level 5. HP: 11/26 MP: 6/6
  2033 | Sewer    | Reached XP level 6. HP: 26/32 MP: 5/7
  2112 | Sewer    | Reached skill level 6 in Ranged Weapons
  2246 | Sewer    | Reached skill level 6 in Dodging
  2502 | Sewer    | 2502 ||| READING scroll labelled QAROAS ITSIJUYMY.
  2503 | Sewer    | 2503 ||| READING scroll labelled KEGOEXK AWYCK.
  2503 | Sewer    | 2503 ||| ENCHANTING +0 shortbow.
  2550 | D:3      | 2550 ||| PLANNING D:1-11
  2598 | D:3      | Reached XP level 7. HP: 35/35 MP: 8/8
  2677 | D:3      | Found a glowing golden altar of the Shining One.
  2677 | D:3      | Found a burning altar of Makhleb.
  2927 | D:4      | Noticed Grinder
  2941 | D:4      | 2941 ||| STAIRDANCE
  2964 | D:4      | Paralysed by Grinder for 3 turns
  2967 | D:4      | 2967 ||| STAIRDANCE
  3013 | D:4      | Killed Grinder
  3444 | D:4      | Found a staircase to the Ecumenical Temple.
  3445 | D:4      | 3445 ||| PLANNING TEMPLE
  3445 | D:4      | 3445 ||| READING scroll of identify.
  3445 | D:4      | 3445 ||| IDENTIFYING coppery potion
  3446 | D:4      | 3446 ||| READING scroll labelled HUIQEH JYFOZ.
  3547 | D:4      | 3547 ||| READING scroll labelled XUJ XOANEL.
  3548 | D:4      | 3548 ||| DRINKING 2 green potions.
  3549 | D:4      | 3549 ||| DROPPING potion of brilliance.
  3558 | Temple   | Entered the Ecumenical Temple
  3559 | Temple   | 3559 ||| PLANNING OKAWARU WORSHIP
  3629 | Temple   | Became a worshipper of Warmaster Okawaru
  3630 | Temple   | 3630 ||| PLANNING D:1-11
  3977 | D:4      | 3977 ||| READING scroll of identify.
  3977 | D:4      | 3977 ||| IDENTIFYING metallic white potion
  3982 | D:5      | Entered Level 5 of the Dungeon
  4022 | D:5      | Noticed Ijyb
  4029 | D:5      | Killed Ijyb
  4112 | D:5      | 4112 ||| READING 3 scrolls of enchant weapon.
  4112 | D:5      | 4112 ||| ENCHANTING +1 shortbow.
  4113 | D:5      | 4113 ||| READING 2 scrolls of enchant weapon.
  4113 | D:5      | 4113 ||| ENCHANTING +2 shortbow.
  4114 | D:5      | 4114 ||| READING scroll of enchant weapon.
  4114 | D:5      | 4114 ||| ENCHANTING +3 shortbow.
  4230 | D:5      | 4230 ||| FLEEEEING.
  4231 | D:5      | 4231 ||| FLEEEEING.
  4235 | D:5      | 4235 ||| ZAPPING wand of paralysis (6) at -1,1 (kobold
                  | brigand; floor).
  4236 | D:5      | 4236 ||| ZAPPING wand of paralysis (5) at -1,1 (kobold
                  | brigand; floor).
  4237 | D:5      | 4237 ||| ZAPPING wand of paralysis (4) at -1,1 (kobold
                  | brigand; floor).
  4238 | D:5      | 4238 ||| ZAPPING wand of paralysis (3) at -1,1 (kobold
                  | brigand; floor).
  4239 | D:5      | 4239 ||| ZAPPING wand of paralysis (2) at -1,1 (kobold
                  | brigand; floor).
  4240 | D:5      | 4240 ||| ZAPPING wand of paralysis (1) at -1,1 (kobold
                  | brigand; floor).
  4241 | D:5      | HP: 5/35 [kobold brigand/+0 short sword (5)]
  4242 | D:5      | 4242 ||| READING scroll of teleportation.
  4242 | D:5      | HP: 1/35 [kobold brigand/+0 short sword (4)]
  4243 | D:5      | 4243 ||| DRINKING 3 potions of heal wounds.
  4294 | D:5      | Reached XP level 8. HP: 39/39 MP: 9/9
  4439 | D:5      | Noticed qw's ghost (novice SpHu)
  4480 | D:5      | Found Ziru's Jewellery Shop.
  4491 | D:5      | 4491 ||| SHOPLISTING amulet of regeneration (360 gold, have
                  | 237).
  4491 | D:5      | 4491 ||| SHOPLISTING amulet of the acrobat (360 gold, have
                  | 237).
  4491 | D:5      | 4491 ||| SHOPLISTING ring of ice (300 gold, have 237).
  4491 | D:5      | 4491 ||| SHOPLISTING ring of poison resistance (240 gold,
                  | have 237).
  4491 | D:5      | 4491 ||| SHOPLISTING ring of protection from cold (300
                  | gold, have 237).
  4491 | D:5      | 4491 ||| SHOPLISTING ring of resist corrosion (240 gold,
                  | have 237).
  4512 | D:5      | Found a runed translucent gate.
  4512 | D:5      | Found a runed translucent gate.
  4512 | D:5      | Found a runed translucent gate.
  4569 | D:5      | Reached skill level 3 in Fighting
  4864 | D:5      | 4864 ||| READING scroll of identify.
  4864 | D:5      | 4864 ||| IDENTIFYING fizzy coppery potion
  4865 | D:5      | 4865 ||| READING scroll labelled YMOXID DAYSOAZ.
  4866 | D:5      | 4866 ||| READING scroll labelled FEEFIF MOTAEC.
  4867 | D:5      | 4867 ||| READING scroll labelled QYTOENUCZUNUT.
  4868 | D:5      | 4868 ||| READING scroll labelled NUAWEK DUYFELA.
  4868 | D:5      | 4868 ||| ENCHANTING +4 shortbow.
  4869 | D:5      | 4869 ||| READING scroll labelled VETY VUIREH.
  4939 | D:5      | 4939 ||| DRINKING 2 grey potions.
  4940 | D:5      | 4940 ||| DRINKING 2 blue potions.
  4940 | D:5      | Gained mutation: You have a pair of small horns on your
                  | head. [potion of mutation]
  4940 | D:5      | Gained mutation: You are partially covered in iridescent
                  | scales. (AC +2) [potion of mutation]
  4941 | D:5      | 4941 ||| DROPPING potion of berserk rage.
  4956 | D:6      | Noticed Sigmund
  4961 | D:6      | Killed Sigmund
  5099 | D:6      | Reached skill level 9 in Ranged Weapons
  5126 | D:6      | 5126 ||| FLEEEEING.
  5127 | D:6      | 5127 ||| FLEEEEING.
  5128 | D:6      | 5128 ||| FLEEEEING.
  5129 | D:6      | 5129 ||| FLEEEEING.
  5131 | D:6      | 5131 ||| FLEEEEING.
  5132 | D:6      | 5132 ||| FLEEEEING.
  5133 | D:6      | 5133 ||| FLEEEEING.
  5134 | D:6      | 5134 ||| FLEEEEING.
  5136 | D:6      | 5136 ||| FLEEEEING.
  5137 | D:6      | 5137 ||| FLEEEEING.
  5138 | D:6      | 5138 ||| FLEEEEING.
  5140 | D:6      | 5140 ||| FLEEEEING.
  5141 | D:6      | 5141 ||| FLEEEEING.
  5142 | D:6      | 5142 ||| FLEEEEING.
  5143 | D:6      | 5143 ||| FLEEEEING.
  5144 | D:6      | 5144 ||| FLEEEEING.
  5145 | D:6      | 5145 ||| FLEEEEING.
  5148 | D:6      | 5148 ||| FLEEEEING.
  5148 | D:6      | Noticed Prince Ribbit
  5149 | D:6      | 5149 ||| RETREEEEATING.
  5150 | D:6      | 5150 ||| RETREEEEATING.
  5151 | D:6      | 5151 ||| DRINKING potion of haste.
  5153 | D:6      | HP: 10/40 [centaur/arrow (3)]
  5154 | D:6      | 5154 ||| DRINKING 2 potions of heal wounds.
  5159 | D:6      | 5159 ||| FLEEEEING.
  5160 | D:6      | 5160 ||| FLEEEEING.
  5161 | D:6      | 5161 ||| FLEEEEING.
  5162 | D:6      | 5162 ||| FLEEEEING.
  5163 | D:6      | 5163 ||| FLEEEEING.
  5164 | D:6      | 5164 ||| FLEEEEING.
  5165 | D:6      | 5165 ||| FLEEEEING.
  5166 | D:6      | 5166 ||| FLEEEEING.
  5167 | D:6      | 5167 ||| FLEEEEING.
  5168 | D:6      | 5168 ||| FLEEEEING.
  5169 | D:6      | 5169 ||| FLEEEEING.
  5170 | D:6      | 5170 ||| FLEEEEING.
  5172 | D:6      | 5172 ||| FLEEEEING.
  5174 | D:6      | 5174 ||| FLEEEEING.
  5179 | D:6      | 5179 ||| FLEEEEING.
  5186 | D:6      | 5186 ||| FLEEEEING.
  5187 | D:6      | 5187 ||| FLEEEEING.
  5188 | D:6      | 5188 ||| FLEEEEING.
  5189 | D:6      | 5189 ||| FLEEEEING.
  5193 | D:6      | 5193 ||| FLEEEEING.
  5194 | D:6      | 5194 ||| FLEEEEING.
  5195 | D:6      | 5195 ||| FLEEEEING.
  5196 | D:6      | 5196 ||| FLEEEEING.
  5197 | D:6      | 5197 ||| FLEEEEING.
  5198 | D:6      | 5198 ||| FLEEEEING.
  5199 | D:6      | 5199 ||| FLEEEEING.
  5200 | D:6      | 5200 ||| FLEEEEING.
  5201 | D:6      | 5201 ||| FLEEEEING.
  5203 | D:6      | 5203 ||| FLEEEEING.
  5209 | D:6      | 5209 ||| FLEEEEING.
  5210 | D:6      | 5210 ||| STAIRDANCE
  5235 | D:6      | 5235 ||| STAIRDANCE
  5263 | D:6      | Reached skill level 9 in Dodging
  5330 | D:6      | 5330 ||| SWAPPING to +0 orcbow.
  5339 | D:6      | 5339 ||| DROPPING +4 shortbow.
  5369 | D:6      | Reached * piety under Okawaru
  5385 | D:6      | Noticed Menkaure
  5387 | D:6      | 5387 ||| INVOKING Heroism.
  5396 | D:6      | Killed Menkaure
  5659 | D:6      | 5659 ||| UPGRADING to +0 cloak.
  5664 | D:6      | 5664 ||| READING scroll labelled OROKEV NERR.
  5721 | D:7      | Reached XP level 9. HP: 44/44 MP: 10/10
  5759 | D:7      | 5759 ||| SWAPPING to +3 orcbow.
  5760 | D:7      | 5760 ||| DROPPING +0 orcbow.
  5838 | D:7      | Reached skill level 1 in Invocations
  5871 | D:7      | Found Waezinau's Book Shoppe.
  5928 | D:7      | 5928 ||| READING scroll of enchant armour.
  5928 | D:7      | 5928 ||| ENCHANTING +0 cloak.
  6264 | D:7      | 6264 ||| UPGRADING to +2 cloak.
  6274 | D:7      | 6274 ||| DROPPING +1 cloak.
  6275 | D:7      | 6275 ||| DROPPING amulet of magic regeneration.
  6299 | D:8      | Found a staircase to the Lair.
  6312 | D:8      | 6312 ||| Stepping ~*~*~tactically~*~*~ (cloud).
  6322 | D:8      | 6322 ||| Stepping ~*~*~tactically~*~*~ (cloud).
  6332 | D:8      | Reached skill level 3 in Invocations
  6346 | D:8      | Noticed Maggie
  6347 | D:8      | 6347 ||| INVOKING Heroism.
  6369 | D:8      | Killed Maggie
  6502 | D:8      | Noticed Erica
  6503 | D:8      | 6503 ||| INVOKING Heroism.
  6516 | D:8      | Killed Erica
  6516 | D:8      | Reached ** piety under Okawaru
  6635 | D:8      | 6635 ||| RETREEEEATING.
  6722 | D:8      | Reached XP level 10. HP: 49/49 MP: 14/14
  6756 | D:8      | Reached *** piety under Okawaru
  6838 | D:8      | Found a stormy altar of Qazlal.
  7157 | D:8      | 7157 ||| PLANNING LAIR
  7157 | D:8      | 7157 ||| UPGRADING to +0 steam dragon scales.
  7167 | D:8      | 7167 ||| DROPPING +0 robe.
  7168 | D:8      | 7168 ||| UPGRADING to +5 ring of evasion.
  7169 | D:8      | 7169 ||| READING 2 scrolls of identify.
  7169 | D:8      | 7169 ||| IDENTIFYING 2 scrolls labelled ISIVOIR RETU
  7170 | D:8      | 7170 ||| DROPPING 2 scrolls of fear.
  7209 | Lair:1   | Entered Level 1 of the Lair of Beasts
  7209 | Lair:1   | Noticed a cane toad
  7212 | Lair:1   | 7212 ||| ZAPPING wand of acid (4) at 2,5 (cane toad;
                  | floor).
  7213 | Lair:1   | 7213 ||| INVOKING Heroism.
  7217 | Lair:1   | Killed a cane toad
  7218 | Lair:1   | Reached skill level 1 in Armour
  7245 | Lair:1   | 7245 ||| FLEEEEING.
  7405 | Lair:1   | Noticed a cane toad
  7406 | Lair:1   | 7406 ||| INVOKING Heroism.
  7406 | Lair:1   | Noticed a cane toad
  7420 | Lair:1   | Killed a cane toad
  7454 | Lair:1   | 7454 ||| READING scroll of enchant weapon.
  7454 | Lair:1   | 7454 ||| ENCHANTING +3 orcbow.
  7470 | Lair:1   | 7470 ||| INVOKING Heroism.
  7476 | Lair:1   | Killed a cane toad
  7477 | Lair:1   | Reached skill level 12 in Dodging
  7529 | Lair:1   | 7529 ||| RETREEEEATING.
  7531 | Lair:1   | 7531 ||| RETREEEEATING.
  7535 | Lair:1   | 7535 ||| RETREEEEATING.
  7611 | Lair:1   | 7611 ||| RETREEEEATING.
  7612 | Lair:1   | 7612 ||| RETREEEEATING.
  7613 | Lair:1   | 7613 ||| RETREEEEATING.
  7614 | Lair:1   | 7614 ||| RETREEEEATING.
  7615 | Lair:1   | 7615 ||| RETREEEEATING.
  7616 | Lair:1   | 7616 ||| INVOKING Heroism.
  7634 | Lair:1   | Reached skill level 12 in Ranged Weapons
  7645 | Lair:1   | 7645 ||| INVOKING Heroism.
  7665 | Lair:1   | Reached **** piety under Okawaru
  7670 | Lair:1   | HP: 11/49 [yak (10)]
  7671 | Lair:1   | 7671 ||| DRINKING 2 potions of heal wounds.
  7810 | Lair:1   | Identified the +6 dagger of Non Obstante Veredicto {flame,
                  | rElec rC+ Str-4 Dex+2}
  7850 | Lair:1   | 7850 ||| RETREEEEATING.
  7851 | Lair:1   | 7851 ||| RETREEEEATING.
  7851 | Lair:1   | Noticed a torpor snail
  7852 | Lair:1   | 7852 ||| RETREEEEATING.
  7864 | Lair:1   | 7864 ||| INVOKING Finesse.
  7882 | Lair:1   | Reached XP level 11. HP: 54/54 MP: 10/15
  8015 | Lair:1   | Noticed a catoblepas
  8017 | Lair:1   | 8017 ||| INVOKING Finesse.
  8018 | Lair:1   | 8018 ||| INVOKING Finesse.
  8019 | Lair:1   | 8019 ||| Stepping ~*~*~tactically~*~*~ (cloud).
  8022 | Lair:1   | 8022 ||| Stepping ~*~*~tactically~*~*~ (cloud).
  8029 | Lair:1   | 8029 ||| Stepping ~*~*~tactically~*~*~ (cloud).
  8031 | Lair:1   | 8031 ||| Stepping ~*~*~tactically~*~*~ (cloud).
  8033 | Lair:1   | Killed a catoblepas
  8033 | Lair:1   | Reached ***** piety under Okawaru
  8085 | Lair:1   | Reached skill level 6 in Invocations
  8450 | Lair:2   | 8450 ||| RETREEEEATING.
  8451 | Lair:2   | 8451 ||| RETREEEEATING.
  8457 | Lair:2   | 8457 ||| RETREEEEATING.
  8459 | Lair:2   | 8459 ||| RETREEEEATING.
  8460 | Lair:2   | 8460 ||| RETREEEEATING.
  8461 | Lair:2   | 8461 ||| RETREEEEATING.
  8463 | Lair:2   | 8463 ||| INVOKING Finesse.
  8487 | Lair:2   | 8487 ||| INVOKING Finesse.
  8496 | Lair:2   | Received a gift from Okawaru
  8642 | Lair:2   | 8642 ||| RETREEEEATING.
  8645 | Lair:2   | 8645 ||| RETREEEEATING.
  8648 | Lair:2   | 8648 ||| RETREEEEATING.
  8653 | Lair:2   | 8653 ||| RETREEEEATING.
  8663 | Lair:2   | Noticed a skyshark
  8665 | Lair:2   | 8665 ||| ZAPPING wand of acid (3) at -3,5 (skyshark;
                  | floor).
  8667 | Lair:2   | 8667 ||| INVOKING Finesse.
  8673 | Lair:2   | HP: 2/55 [skyshark (19)]
  8674 | Lair:2   | 8674 ||| DRINKING potion of heal wounds.
  8675 | Lair:2   | 8675 ||| INVOKING Heroism.
  8683 | Lair:2   | Killed a skyshark
  8686 | Lair:2   | HP: 8/55 [polar bear (7)]
  8692 | Lair:2   | 8692 ||| FLEEEEING.
  8693 | Lair:2   | 8693 ||| FLEEEEING.
  8694 | Lair:2   | 8694 ||| FLEEEEING.
  8695 | Lair:2   | 8695 ||| FLEEEEING.
  8696 | Lair:2   | 8696 ||| FLEEEEING.
  8700 | Lair:2   | 8700 ||| FLEEEEING.
  8703 | Lair:2   | 8703 ||| FLEEEEING.
  8704 | Lair:2   | 8704 ||| FLEEEEING.
  8705 | Lair:2   | 8705 ||| FLEEEEING.
  8706 | Lair:2   | 8706 ||| FLEEEEING.
  8707 | Lair:2   | 8707 ||| FLEEEEING.
  8712 | Lair:2   | 8712 ||| FLEEEEING.
  8713 | Lair:2   | 8713 ||| FLEEEEING.
  8714 | Lair:2   | 8714 ||| FLEEEEING.
  8715 | Lair:2   | 8715 ||| FLEEEEING.
  8716 | Lair:2   | 8716 ||| FLEEEEING.
  8717 | Lair:2   | 8717 ||| FLEEEEING.
  8718 | Lair:2   | 8718 ||| FLEEEEING.
  8719 | Lair:2   | 8719 ||| FLEEEEING.
  8720 | Lair:2   | 8720 ||| FLEEEEING.
  8721 | Lair:2   | 8721 ||| FLEEEEING.
  8722 | Lair:2   | 8722 ||| FLEEEEING.
  8723 | Lair:2   | 8723 ||| FLEEEEING.
  8725 | Lair:2   | 8725 ||| FLEEEEING.
  8726 | Lair:2   | 8726 ||| FLEEEEING.
  8727 | Lair:2   | 8727 ||| STAIRDANCE
  8867 | Lair:1   | 8867 ||| READING 3 scrolls of identify.
  8867 | Lair:1   | 8867 ||| IDENTIFYING scroll labelled DYETHR CUESTE
  8868 | Lair:1   | 8868 ||| DROPPING scroll of amnesia.
  8983 | Lair:2   | Noticed a boulder beetle
  8984 | Lair:2   | 8984 ||| INVOKING Finesse.
  8995 | Lair:2   | Killed a boulder beetle
  9184 | Lair:2   | Noticed a skyshark
  9185 | Lair:2   | 9185 ||| INVOKING Finesse.
  9194 | Lair:2   | Killed a skyshark
  9300 | Lair:2   | Noticed a six-headed hydra
  9301 | Lair:2   | 9301 ||| INVOKING Finesse.
  9315 | Lair:2   | Killed a six-headed hydra
  9316 | Lair:2   | Reached XP level 12. HP: 47/60 MP: 14/19
  9705 | Lair:3   | 9705 ||| STAIRDANCE
  9712 | Lair:3   | 9712 ||| STAIRDANCE
  9727 | Lair:2   | Reached skill level 9 in Invocations
  9813 | Lair:3   | 9813 ||| STAIRDANCE
  9993 | Lair:3   | Received a gift from Okawaru
  9996 | Lair:3   | Found a staircase to the Shoals.
 10047 | Lair:3   | 10047 ||| INVOKING Finesse.
 10110 | Lair:3   | 10110 ||| RETREEEEATING.
 10114 | Lair:3   | 10114 ||| RETREEEEATING.
 10280 | Lair:3   | 10280 ||| RETREEEEATING.
 10281 | Lair:3   | 10281 ||| RETREEEEATING.
 10289 | Lair:3   | 10289 ||| RETREEEEATING.
 10290 | Lair:3   | 10290 ||| RETREEEEATING.
 10292 | Lair:3   | 10292 ||| RETREEEEATING.
 10293 | Lair:3   | 10293 ||| RETREEEEATING.
 10295 | Lair:3   | 10295 ||| RETREEEEATING.
 10296 | Lair:3   | 10296 ||| RETREEEEATING.
 10298 | Lair:3   | 10298 ||| RETREEEEATING.
 10304 | Lair:3   | 10304 ||| INVOKING Finesse.
 10511 | Lair:3   | 10511 ||| RETREEEEATING.
 10512 | Lair:3   | 10512 ||| RETREEEEATING.
 10513 | Lair:3   | 10513 ||| RETREEEEATING.
 10514 | Lair:3   | 10514 ||| RETREEEEATING.
 10515 | Lair:3   | 10515 ||| RETREEEEATING.
 10516 | Lair:3   | 10516 ||| RETREEEEATING.
 10520 | Lair:3   | 10520 ||| RETREEEEATING.
 10521 | Lair:3   | 10521 ||| RETREEEEATING.
 10522 | Lair:3   | 10522 ||| RETREEEEATING.
 10523 | Lair:3   | 10523 ||| RETREEEEATING.
 10524 | Lair:3   | 10524 ||| INVOKING Finesse.
 10947 | Lair:3   | Found a staircase to the Snake Pit.
 10957 | Lair:3   | Reached skill level 15 in Dodging
 11201 | Lair:3   | 11201 ||| UPGRADING to ring of willpower.
 11242 | Lair:4   | 11242 ||| RETREEEEATING.
 11243 | Lair:4   | 11243 ||| RETREEEEATING.
 11271 | Lair:4   | 11271 ||| RETREEEEATING.
 11273 | Lair:4   | 11273 ||| RETREEEEATING.
 11278 | Lair:4   | 11278 ||| RETREEEEATING.
 11281 | Lair:4   | 11281 ||| RETREEEEATING.
 11282 | Lair:4   | 11282 ||| RETREEEEATING.
 11283 | Lair:4   | 11283 ||| RETREEEEATING.
 11284 | Lair:4   | 11284 ||| RETREEEEATING.
 11343 | Lair:4   | 11343 ||| RETREEEEATING.
 11351 | Lair:4   | 11351 ||| RETREEEEATING.
 11364 | Lair:4   | Reached skill level 6 in Fighting
 11445 | Lair:4   | 11445 ||| FLEEEEING.
 11450 | Lair:4   | HP: 15/61 [poisoned by a black mamba]
 11701 | Lair:4   | Noticed a four-headed hydra
 11702 | Lair:4   | 11702 ||| INVOKING Finesse.
 11718 | Lair:4   | Killed a four-headed hydra
 11801 | Lair:4   | Reached XP level 13. HP: 65/65 MP: 21/21
 11816 | Lair:4   | 11816 ||| RETREEEEATING.
 11818 | Lair:4   | 11818 ||| RETREEEEATING.
 11821 | Lair:4   | 11821 ||| RETREEEEATING.
 11822 | Lair:4   | 11822 ||| RETREEEEATING.
 11827 | Lair:4   | 11827 ||| RETREEEEATING.
 11831 | Lair:4   | 11831 ||| RETREEEEATING.
 11835 | Lair:4   | 11835 ||| RETREEEEATING.
 11861 | Lair:4   | Reached skill level 15 in Ranged Weapons
 12048 | Lair:4   | Received a gift from Okawaru
 12358 | Lair:4   | 12358 ||| RETREEEEATING.
 12359 | Lair:4   | 12359 ||| RETREEEEATING.
 12361 | Lair:4   | 12361 ||| RETREEEEATING.
 12362 | Lair:4   | 12362 ||| RETREEEEATING.
 12363 | Lair:4   | 12363 ||| RETREEEEATING.
 12367 | Lair:4   | 12367 ||| RETREEEEATING.
 12368 | Lair:4   | 12368 ||| RETREEEEATING.
 12369 | Lair:4   | 12369 ||| RETREEEEATING.
 12370 | Lair:4   | 12370 ||| RETREEEEATING.
 12370 | Lair:4   | Killed from afar by an ice dragon

Levels and vault maps discovered:
D:1:      reono_arrival_forest_river, layout_basic
D:2:      layout_basic, hellmonk_ecumenical_altar_crossroads
D:3:      layout_basic, mainiacjoe_overflow_divided_tiny, portal_sewer_entry_b
D:4:      layout_loops_cross, temple_fountains, uniq_grinder
D:5:      nicolae_cairo_tiling, layout_gridville, serial_shops,
          nicolae_shop_gaudy_bauble, ebering_ghost_rock_garden, uniq_ijyb
D:6:      layout_basic, uniq_sigmund, uniq_menkaure, uniq_prince_ribbit1
D:7:      layout_loops_ring, serial_shops, shop
D:8:      layout_loops_ring, grunt_qazlal_sundering, lair_entry_dummy,
          nicolae_straight_to_the_point, uniq_erica, uniq_maggie
Temple:   minmay_temple_bridge_d
Lair:1:   layout_long_grid, nicolae_quartered_pool_little, lemuel_fruit_fields,
          lemuel_fruit_tree, serial_bayou_shore_b
Lair:2:   layout_regular_city, serial_bayou_lake_a, grunt_megastairs_3
Lair:3:   layout_cave_shapes, minmay_shoals_entry_centaurs,
          nicolae_snake_entry_warm_welcome, ldierk_geyser
Lair:4:   layout_big_grid, minmay_slime_entry_oklob_enclosed, wad_woods_road_02,
          ice2_lemuel

Skill      XL: |  1  2  3  4  5  6  7  8  9 10 11 12 13 |
---------------+----------------------------------------+-----
Dodging        | 3 4 5 6 7 9 11 13 14 15 | 15.6
Ranged Weapons | 5 6 8 9 10 12 13 14 15 | 15.0
Fighting       | 2 3 4 5 6 |  6.1
Invocations    | 4 5 8 10 | 10.0
Armour         | 1 |  1.5
Stealth        | |  1.5

Action                     |  1- 3 |  4- 6 |  7- 9 | 10-12 | 13-15 || total
---------------------------+-------+-------+-------+-------+-------++-------
   Fire: Shortbow          |    71 |   194 |   206 |       |       ||   471
         Orcbow            |       |       |   155 |   852 |   112 ||  1119
 Invoke: Heroism           |       |       |     3 |     6 |       ||     9
         Finesse           |       |       |       |    12 |       ||    12
  Evoke: Wand              |       |       |     6 |     2 |       ||     8
    Use: Scroll            |     3 |     4 |    16 |     3 |       ||    26
         Potion            |     1 |     1 |     6 |     2 |       ||    10
 Armour: Robe              |     9 |    25 |    30 |       |       ||    64
         Steam dragon scal |       |       |       |   104 |    15 ||   119
  Dodge: Dodged            |    16 |   108 |   118 |   668 |    37 ||   947

Table legend:
 A = Non-vault XP
 B = Vault XP
 C = Vault XP percentage of total XP
 D = Non-vault monster count
 E = Vault monster count
 F = Vault count percentage of total count
                 A         B        C        D         E       F
            +---------+---------+-------+---------+---------+-------
      Total |   34842 |    6265 |  15.2 |     257 |      50 |  16.3
            +---------+---------+-------+---------+---------+-------
        D:1 |      49 |       0 |   0.0 |      24 |       0 |   0.0
        D:2 |      79 |       0 |   0.0 |      19 |       0 |   0.0
        D:3 |     158 |       5 |   3.1 |      17 |       5 |  22.7
        D:4 |     305 |     277 |  47.6 |      17 |       1 |   5.6
        D:5 |     296 |      36 |  10.8 |      14 |       1 |   6.7
        D:6 |     600 |     414 |  40.8 |       7 |       2 |  22.2
        D:7 |     858 |       0 |   0.0 |      23 |       0 |   0.0
        D:8 |     859 |    1245 |  59.2 |      11 |       2 |  15.4
     Lair:1 |    8997 |       0 |   0.0 |      35 |       0 |   0.0
     Lair:2 |    7345 |    1147 |  13.5 |      29 |       4 |  12.1
     Lair:3 |    7073 |     852 |  10.8 |      34 |       5 |  12.8
     Lair:4 |    8223 |    1784 |  17.8 |      27 |       6 |  18.2
      Sewer |       0 |     505 | 100.0 |       0 |      24 | 100.0
            +---------+---------+-------+---------+---------+-------
